AoeStats
← catchchez

Nomad

503144388Analyzed
1v1 RM · 1mo ago on Aug 30, 2026· 25m 9s· 2 players
Game mode
Random Map
Map size
126×126
Population
200
Speed
Normal
Resources
Standard
Victory
Conquest
Starting age
Dark Age
Ending age
Imperial Age
RankedLock teamsTeams togetherTeam positionsShared explorationLock speedFull tech treeHidden civsTurbo modeCheats
Victory
Defeat
🇮🇳 Portuguese · India
783
+17
🇷🇺 Bulgarians · Russia
802
-17
catchchez
4:22 Loom
13:21 Feudal Age
13:55 Double-Bit Axe
21:05 Castle Age
23:05 Fletching
Kokos
13:33 Feudal Age
14:03 Double-Bit Axe
17:37 Wheelbarrow
19:31 Stone Mining
20:01 Fishing Lines
21:07 Horse Collar
23:25 Fletching
24:17 Forging
24:24 Gold Mining
25:06 Town Watch
Connection lost

Rejoining the realm…

Still unreachable

The connection could not be restored.

Session expired

The server has moved on; the page needs a fresh start.